General information
- name: BNet
- type: Ladder 1vs1/FFA
- host: Battle.net
- saver: BEAR_AND
map: PlunderIsle
- players: 2
- length: 86:49
- speed: Fast
- version: 1.26 W3XP
- replay type:

» download(259 KB)
Players
team 1 (winner)
BEAR_AND (
green | 102 APM | 8837 actions | 86:49)
5 Archmage
3 Blizzard
2 Brilliance Aura
5 Mountain King
3 Storm Bolt
2 Bash
4 Paladin
2 Holy Light
2 Divine Shield
» actions
| Assign group hotkey | 26 | |
| Basic commands | 58 | |
| Build / train | 231 | |
| Enter build submenu | 115 | |
| Enter hero's abilities submenu | 17 | |
| Give item / drop item | 11 | |
| Remove unit from queue | 2 | |
| Right click | 5512 | |
| Select / deselect | 1165 | |
| Select group hotkey | 964 | |
| Use ability | 736 | |
8837 total
» units
| Peasant | 28 | |
| Priest | 1 | |
| Dragonhawk Rider | 12 | |
| Sorceress | 2 | |
43 total
» upgrades
| Lumber Harvesting | 2 | |
| Masonry | 3 | |
| Magic Sentry | 1 | |
| Priest Training | 2 | |
| Cloud | 1 | |
| Swords | 3 | |
| Animal War Training | 1 | |
| Storm Hammers | 1 | |
| Armor | 3 | |
| Sorceress Training | 2 | |
19 total
» buildings
| Altar of Kings | 1 | |
| Farm | 9 | |
| Lumber Mill | 1 | |
| Scout Tower | 225 | |
| Arcane Vault | 3 | |
| Arcane Tower | 21 | |
| Guard Tower | 96 | |
| Keep | 3 | |
| Town Hall | 2 | |
| Castle | 3 | |
| Arcane Sanctum | 1 | |
| Gryphon Aviary | 1 | |
| Blacksmith | 1 | |
| Barracks | 1 | |
368 total
» build order
01:26 Altar of Kings
01:35 Farm
01:54 Lumber Mill
02:02 Farm
02:25 Scout Tower
02:27 Scout Tower
02:58 Arcane Vault
04:03 Arcane Tower
04:04 Guard Tower
04:05 Scout Tower
04:08 Scout Tower
04:34 Guard Tower
04:48 Scout Tower
04:49 Scout Tower
05:05 Guard Tower
05:32 Guard Tower
05:45 Keep
05:56 Farm
05:57 Farm
05:57 Farm
06:02 Scout Tower
06:03 Scout Tower
06:05 Guard Tower
06:30 Guard Tower
06:49 Scout Tower
06:49 Scout Tower
07:17 Guard Tower
08:16 Guard Tower
08:17 Scout Tower
08:18 Scout Tower
08:50 Town Hall
08:52 Scout Tower
08:52 Scout Tower
08:53 Scout Tower
08:53 Scout Tower
08:54 Scout Tower
08:54 Scout Tower
08:55 Scout Tower
08:55 Scout Tower
09:10 Scout Tower
09:11 Scout Tower
09:19 Arcane Tower
09:28 Guard Tower
09:28 Guard Tower
09:33 Guard Tower
09:47 Scout Tower
09:47 Guard Tower
09:47 Guard Tower
09:48 Guard Tower
09:49 Scout Tower
09:57 Guard Tower
10:11 Guard Tower
10:14 Guard Tower
10:29 Guard Tower
10:29 Guard Tower
10:55 Castle
10:55 Castle
11:40 Arcane Sanctum
11:45 Gryphon Aviary
12:26 Scout Tower
12:27 Scout Tower
12:27 Scout Tower
12:28 Scout Tower
13:42 Blacksmith
13:46 Barracks
14:10 Scout Tower
14:11 Scout Tower
14:12 Scout Tower
14:13 Scout Tower
14:15 Scout Tower
14:15 Scout Tower
14:16 Scout Tower
14:16 Scout Tower
14:17 Scout Tower
14:17 Scout Tower
14:28 Guard Tower
14:30 Scout Tower
14:32 Scout Tower
14:33 Scout Tower
14:33 Scout Tower
14:34 Scout Tower
14:34 Scout Tower
14:35 Scout Tower
15:10 Town Hall
15:28 Guard Tower
15:34 Guard Tower
16:32 Arcane Vault
16:48 Scout Tower
16:48 Scout Tower
16:49 Scout Tower
17:18 Guard Tower
18:33 Guard Tower
18:35 Scout Tower
18:36 Scout Tower
18:36 Scout Tower
18:36 Scout Tower
19:32 Scout Tower
19:32 Scout Tower
19:33 Scout Tower
20:10 Guard Tower
20:12 Scout Tower
20:14 Scout Tower
20:19 Guard Tower
20:25 Guard Tower
20:29 Guard Tower
20:31 Arcane Tower
20:34 Scout Tower
20:35 Scout Tower
20:36 Scout Tower
21:12 Guard Tower
21:14 Scout Tower
21:17 Scout Tower
21:18 Scout Tower
21:18 Scout Tower
21:21 Scout Tower
21:21 Scout Tower
21:22 Scout Tower
21:32 Guard Tower
21:32 Guard Tower
21:33 Guard Tower
21:35 Guard Tower
21:35 Guard Tower
21:37 Guard Tower
21:40 Guard Tower
21:40 Guard Tower
21:43 Scout Tower
21:43 Scout Tower
21:44 Scout Tower
21:45 Scout Tower
21:45 Scout Tower
21:46 Scout Tower
21:46 Scout Tower
22:07 Guard Tower
22:07 Guard Tower
22:08 Guard Tower
22:14 Guard Tower
22:17 Guard Tower
23:02 Guard Tower
23:02 Guard Tower
23:07 Guard Tower
23:19 Guard Tower
23:20 Guard Tower
23:22 Scout Tower
23:22 Scout Tower
23:23 Scout Tower
24:47 Guard Tower
24:50 Scout Tower
24:51 Scout Tower
25:03 Guard Tower
25:06 Scout Tower
25:07 Scout Tower
25:16 Scout Tower
25:17 Scout Tower
25:18 Scout Tower
25:18 Scout Tower
25:19 Scout Tower
25:19 Scout Tower
25:31 Guard Tower
26:23 Guard Tower
26:28 Scout Tower
26:29 Scout Tower
26:31 Scout Tower
26:32 Scout Tower
26:33 Scout Tower
26:56 Guard Tower
27:00 Guard Tower
27:03 Guard Tower
27:36 Scout Tower
27:37 Scout Tower
27:38 Scout Tower
27:38 Scout Tower
27:39 Scout Tower
27:40 Scout Tower
27:41 Scout Tower
27:42 Scout Tower
27:44 Scout Tower
28:22 Guard Tower
28:23 Guard Tower
28:28 Scout Tower
28:29 Scout Tower
28:29 Scout Tower
28:30 Scout Tower
28:31 Scout Tower
28:37 Guard Tower
28:40 Scout Tower
28:41 Scout Tower
28:41 Scout Tower
28:43 Scout Tower
28:46 Scout Tower
28:46 Scout Tower
28:47 Scout Tower
28:48 Scout Tower
28:49 Scout Tower
29:11 Guard Tower
29:15 Guard Tower
29:16 Guard Tower
29:20 Scout Tower
29:21 Scout Tower
29:22 Scout Tower
29:22 Scout Tower
29:23 Scout Tower
30:25 Arcane Tower
30:25 Arcane Tower
30:25 Arcane Tower
30:25 Arcane Tower
30:30 Scout Tower
30:30 Scout Tower
30:30 Scout Tower
30:31 Scout Tower
30:31 Scout Tower
30:32 Scout Tower
30:32 Scout Tower
30:33 Scout Tower
30:33 Scout Tower
30:36 Scout Tower
30:37 Scout Tower
30:38 Scout Tower
30:38 Scout Tower
30:39 Scout Tower
30:40 Scout Tower
30:40 Scout Tower
30:41 Scout Tower
30:43 Guard Tower
30:47 Guard Tower
30:49 Scout Tower
30:51 Scout Tower
30:52 Scout Tower
32:43 Guard Tower
32:45 Scout Tower
32:45 Scout Tower
32:46 Scout Tower
32:48 Scout Tower
32:52 Scout Tower
32:53 Scout Tower
32:54 Scout Tower
32:58 Scout Tower
32:59 Scout Tower
32:59 Scout Tower
33:00 Scout Tower
33:14 Arcane Tower
33:40 Guard Tower
33:43 Guard Tower
33:46 Guard Tower
33:50 Scout Tower
33:50 Scout Tower
33:52 Scout Tower
33:52 Scout Tower
33:53 Scout Tower
33:54 Scout Tower
33:55 Scout Tower
33:56 Scout Tower
34:07 Guard Tower
35:49 Guard Tower
35:52 Scout Tower
35:52 Scout Tower
35:54 Scout Tower
35:55 Scout Tower
35:55 Scout Tower
36:07 Guard Tower
36:11 Scout Tower
36:12 Scout Tower
36:12 Scout Tower
36:13 Scout Tower
36:14 Scout Tower
36:14 Scout Tower
36:15 Scout Tower
36:15 Scout Tower
36:26 Guard Tower
36:28 Scout Tower
36:28 Scout Tower
36:29 Scout Tower
36:30 Scout Tower
36:31 Scout Tower
36:31 Scout Tower
36:32 Scout Tower
36:45 Scout Tower
36:45 Scout Tower
36:46 Scout Tower
36:46 Scout Tower
36:47 Scout Tower
36:48 Scout Tower
36:52 Guard Tower
36:53 Scout Tower
37:43 Guard Tower
37:45 Guard Tower
37:46 Scout Tower
37:54 Guard Tower
38:07 Guard Tower
38:18 Scout Tower
38:18 Scout Tower
38:19 Scout Tower
39:12 Guard Tower
40:07 Guard Tower
40:08 Scout Tower
40:08 Scout Tower
40:10 Guard Tower
40:12 Scout Tower
40:12 Scout Tower
40:13 Scout Tower
40:14 Scout Tower
40:15 Scout Tower
41:20 Guard Tower
41:26 Scout Tower
41:30 Guard Tower
41:30 Guard Tower
41:37 Scout Tower
41:38 Scout Tower
41:39 Scout Tower
41:40 Scout Tower
41:41 Scout Tower
41:41 Scout Tower
41:44 Guard Tower
41:44 Guard Tower
41:44 Guard Tower
41:59 Guard Tower
42:14 Guard Tower
43:21 Guard Tower
43:42 Guard Tower
48:22 Scout Tower
48:23 Scout Tower
48:24 Scout Tower
48:24 Scout Tower
48:25 Scout Tower
48:26 Scout Tower
48:27 Scout Tower
48:28 Scout Tower
49:27 Guard Tower
49:56 Guard Tower
50:06 Arcane Vault
50:17 Guard Tower
50:19 Scout Tower
50:21 Scout Tower
50:22 Scout Tower
50:51 Guard Tower
51:03 Guard Tower
53:15 Guard Tower
54:32 Farm
54:33 Farm
54:33 Farm
54:34 Farm
55:28 Scout Tower
55:29 Scout Tower
55:30 Scout Tower
55:30 Scout Tower
55:31 Scout Tower
55:31 Scout Tower
55:32 Scout Tower
55:33 Scout Tower
56:18 Arcane Tower
56:18 Arcane Tower
56:19 Arcane Tower
56:55 Arcane Tower
56:55 Arcane Tower
56:55 Arcane Tower
56:56 Arcane Tower
56:56 Arcane Tower
57:26 Scout Tower
57:27 Scout Tower
58:13 Arcane Tower
58:19 Guard Tower
58:41 Guard Tower
66:07 Arcane Tower
» items
| Scroll of Regeneration | 4 | |
| Potion of Healing | 1 | |
| Staff of Sanctuary | 3 | |
| Orb of Fire | 2 | |
| Boots of Speed | 3 | |
| Staff of Teleportation | 3 | |
| Scroll of Town Portal | 1 | |
| Potion of Lesser Invulnerability | 1 | |
18 total
team 2 (loser)
scubastevenson (
pink | 42 APM | 3683 actions | 86:48)
5 Tauren Chieftain
2 War Stomp
3 Endurance Aura
3 Blademaster
2 Critical Strike
1 Wind Walk
» actions
| Assign group hotkey | 97 | |
| Basic commands | 106 | |
| Build / train | 140 | |
| Enter build submenu | 37 | |
| Enter hero's abilities submenu | 9 | |
| Give item / drop item | 4 | |
| Remove unit from queue | 1 | |
| Right click | 801 | |
| Select / deselect | 776 | |
| Select group hotkey | 1500 | |
| Use ability | 212 | |
3683 total
» units
| Peon | 19 | |
| Grunt | 9 | |
| Demolisher | 9 | |
| Raider | 17 | |
| Spirit Walker | 10 | |
| Tauren | 12 | |
| Shaman | 9 | |
| Troll Witch Doctor | 6 | |
| Troll Batrider | 2 | |
93 total
» upgrades
| Pillage | 1 | |
| Armor | 3 | |
| Melee Weapons | 3 | |
| Berserker Strength | 1 | |
| Ensnare | 1 | |
| Reinforced Defenses | 1 | |
| Spirit Walker Training | 2 | |
| Pulverize | 1 | |
| Shaman Training | 2 | |
| Witch Doctor Training | 2 | |
| Burning Oil | 1 | |
| Spiked Barricades | 2 | |
| Liquid Fire | 1 | |
21 total
» buildings
| Orc Burrow | 9 | |
| Altar of Storms | 1 | |
| Barracks | 1 | |
| Stronghold | 1 | |
| War Mill | 1 | |
| Voodoo Lounge | 1 | |
| Watch Tower | 10 | |
| Beastiary | 2 | |
| Great Hall | 2 | |
| Fortress | 1 | |
| Spirit Lodge | 2 | |
| Tauren Totem | 1 | |
32 total
» build order
00:08 Orc Burrow
00:19 Altar of Storms
00:54 Barracks
02:06 Orc Burrow
02:50 Orc Burrow
04:07 Stronghold
04:15 War Mill
04:42 Voodoo Lounge
06:08 Watch Tower
07:53 Beastiary
08:32 Orc Burrow
08:56 Beastiary
11:33 Orc Burrow
11:39 Great Hall
11:58 Fortress
12:32 Orc Burrow
13:39 Orc Burrow
14:37 Watch Tower
14:50 Watch Tower
16:55 Spirit Lodge
16:58 Spirit Lodge
17:03 Watch Tower
19:32 Tauren Totem
19:56 Watch Tower
20:23 Great Hall
21:19 Watch Tower
22:05 Watch Tower
23:36 Watch Tower
25:04 Watch Tower
25:09 Watch Tower
66:11 Orc Burrow
68:15 Orc Burrow
» items
| Scroll of Speed | 2 | |
| Healing Salve | 5 | |
| Boots of Speed | 2 | |
| Scroll of Town Portal | 2 | |
| Orb of Lightning | 2 | |
13 total
Chat log
(04:50 / All) BEAR_AND: hi
(04:55 / All) scubastevenson: yo
(05:02 / All) BEAR_AND: gl hf
(05:19 / All) scubastevenson: u 2
(31:17 / All) BEAR_AND: lol
(31:19 / All) BEAR_AND: its bad
(31:22 / All) BEAR_AND: ===== BEGIN RSA SIGNATURE =====
(44:26 / All) BEAR_AND: lmaop
(49:51 / All) BEAR_AND: lol
(56:52 / All) BEAR_AND: hehe
(65:38 / All) BEAR_AND: i love to win the game
(81:48 / All) BEAR_AND: lol
(84:24 / All) BEAR_AND: hohoho
(84:56 / All) scubastevenson: guys dont lisen for some reason
(85:16 / All) BEAR_AND: would u listen
(85:21 / All) BEAR_AND: to a giant noob with 12 apm?
(85:23 / All) scubastevenson: ya
(85:31 / All) scubastevenson: lol sure